Cogmind - Beta 16 @@@ ROGUE MODE // 2026.01.18 @ 10:53:26 Player: throbalt Result: Destroyed by G-47 Trooper with Particle Gun Performance ------------- Evolutions (2) 1000 Regions Visited (4) 800 Robots Destroyed (31) 155 Value Destroyed (981) 981 Prototype IDs (2) 40 Alien Tech Used (0) 0 Bonus (0) 0 TOTAL SCORE: 2976 Bonus ------- None Cogmind --------- Core Integrity 0/550 Matter 269/300 Energy 10/100 System Corruption 0% Temperature Cool (9) Movement Walking (105) Location -8/Materials Parts ------- > --- POWER (1) -------- (None) > --- PROPULSION (3) --- Aluminum Leg Aluminum Leg Aluminum Leg > --- UTILITY (4) ------ Terrain Scanner > --- WEAPON (3) ------- Beam Rifle > --- INVENTORY (5) ---- Aluminum Leg Wheel Compact Wheel Compact Matter Pod (62) Weight Redist. System Peak State ------------ > --- POWER ------------ Light Ion Engine > --- PROPULSION ------- Wheel Wheel Compact Wheel > --- UTILITY ---------- Improved Heat Sink Improved Heat Sink Terrain Scanner Reaction Control System > --- WEAPON ----------- Autogun Enhanced Autogun Welding Torch > --- INVENTORY -------- Aluminum Leg Wheel Wheel Compact Matter Pod Weight Redist. System [Rating: 21] Favorites ----------- Power Improved Ion Engine Engine Improved Ion Engine Propulsion Compact Wheel Leg Aluminum Leg Wheel Compact Wheel Utility Light Armor Plating Device Experimental Sensor Array Protection Light Armor Plating Weapon Light Assault Rifle Energy Gun Small Laser Energy Cannon Heavy Particle Cannon Ballistic Gun Light Assault Rifle Launcher Grenade Launcher Special Weapon Welding Torch Build | -11 -10 -10 -9 -8 ------- Run | Yrd Mat Min Mat Mat Slots Evolved 4 | . . . 2 2 Power . | . . . . . Propulsion 1 | . . . . 1 Utility 2 | . . . 1 1 Weapon 1 | . . . 1 . Parts Attached 40 | 5 4 6 4 21 Power 4 | 1 1 1 . 1 Engine 4 | 1 1 1 . 1 Core . | . . . . . Reactor . | . . . . . Propulsion 14 | 2 . 1 2 9 Treads . | . . . . . Leg 6 | . . . 2 4 Wheel 8 | 2 . 1 . 5 Hover . | . . . . . Flight . | . . . . . Utility 10 | . 2 3 . 5 Device 9 | . 2 2 . 5 Storage . | . . . . . Processor . | . . . . . Hackware . | . . . . . Protection 1 | . . 1 . . Artifact . | . . . . . Weapon 12 | 2 1 1 2 6 Energy Gun 4 | 1 1 . 1 1 Energy Cannon 1 | . . . . 1 Ballistic Gun 5 | 1 . 1 . 3 Ballistic Cannon . | . . . . . Launcher 1 | . . . 1 . Special Weapon 1 | . . . . 1 Impact Weapon . | . . . . . Slashing Weapon . | . . . . . Piercing Weapon . | . . . . . Special Melee Weapon . | . . . . . Unidentified Prototypes 2 | . . 1 . 1 Parts Lost 27 | . 4 1 6 16 Power 3 | . . 1 . 2 Propulsion 7 | . . . 2 5 Utility 7 | . 2 . 2 3 Weapon 10 | . 2 . 2 6 Highest Loss Streak 9 | . 2 1 3 9 To Critical Strikes . | . . . . . Average Backups 3 | 1 3 3 3 3 Power . | . . . . . Propulsion 1 | . 1 2 2 2 Utility . | . . . . . Weapon 1 | . 1 1 . . Tool/Special . | . . . . . Unused Backups 3 | . . 1 . 2 Power . | . . . . . Propulsion 1 | . . . . 1 Utility 1 | . . . . 1 Weapon 1 | . . 1 . . Tool/Special . | . . . . . Average Slot Usage (%) 77 | . 79 92 70 66 Engine 10 | . 14 13 10 6 Leg 5 | . . . 13 9 Wheel 19 | . 28 28 7 13 Device 11 | . 8 12 3 17 Protection 5 | . . 9 10 . Energy Gun 10 | . 20 14 10 2 Ballistic Gun 11 | . 7 13 11 13 Peak Build Rating 21 | 5 6 16 18 21 Average Rating 11 | 4 5 14 10 13 On Entrance 5 | . 5 4 16 4 Avg Prop Armor Cover (%) 7 | . . . 3 8 Naked Turns . | . . . . . Heaviest Build 19 | 6 9 13 17 19 Greatest Support 36 | 32 32 32 32 36 Greatest Overweight (x) 4 | . . . 1 4 Average Overweight (x) . | . . . . . Largest Inventory Capacity 5 | 5 5 5 5 5 Average Capacity 5 | 5 5 5 5 5 Most Carried 5 | 2 5 5 5 5 Average Carried 4 | 1 3 4 4 3 Final Capacity 5 | 5 5 5 5 5 Final Carried 5 | 2 5 5 5 5 Class Distribution -------------------- 61% | Mutant 18% | Scavenger-Mutant 11% | Scavenger-Skirmisher 5% | Scavenger-Tank 3% | Gunner Dominant Class ---------------- Mutant | -10/Materials Mutant | -10/Mines Scavenger-Mutant | -9/Materials Scavenger-Skirmisher | -8/Materials Resources | -11 -10 -10 -9 -8 ----------- Run | Yrd Mat Min Mat Mat Matter Collected 936 | 239 83 65 95 454 Remotely . | . . . . . Salvage Created 1205 | . 190 162 180 673 Parts 59 | . 12 11 9 27 Haulers Intercepted . | . . . . . Recyclers Shooed 1 | . 1 . . . Parts Field Recycled . | . . . . . Retrieved Matter . | . . . . . Parts Self-Destructed . | . . . . . Prevented . | . . . . . Parts Restored . | . . . . . Kills | -11 -10 -10 -9 -8 ------- Run | Yrd Mat Min Mat Mat Combat Hostiles Destroyed 26 | . 6 4 3 13 Guns 24 | . 6 4 3 11 Cannons 2 | . . . . 2 Classes Destroyed 9 | . 3 2 2 2 Worker 1 | . . 1 . . Builder 1 | . . . . 1 Tunneler 2 | . 1 . 1 . Recycler 1 | . . . 1 . Swarmer 5 | . 3 2 . . Grunt 16 | . 3 . 2 11 Brawler 1 | . . . . 1 Duelist 1 | . . . 1 . Sentry 3 | . . 2 . 1 Best Kill Streak 5 | . 3 3 3 5 Combat Bots Only 4 | . 3 2 3 4 Max Kills in Single Turn 2 | . 2 1 2 2 Gunslinging 1 | . 1 . . . Exploded . | . . . . . Melee . | . . . . . Uniques/NPCs Destroyed . | . . . . . Combat | -11 -10 -10 -9 -8 -------- Run | Yrd Mat Min Mat Mat Hostile Shots Fired 292 | . 48 20 81 143 Missed 80 | . 10 2 31 37 Hits 212 | . 38 18 50 106 Melee 4 | . . . 2 2 Projectile 208 | . 38 18 48 104 Critical Strikes 7 | . 2 2 . 3 Damage Taken 2869 | . 422 237 540 1670 Core 906 | . 66 147 142 551 Absorbed by Shields . | . . . . . Core Remaining (%) 59 | 100 . 14 64 . Volleys Fired 107 | . 28 10 15 54 Largest 3 | . 2 2 3 3 Hottest 125 | . 90 60 116 125 Shots Fired 206 | . 54 20 34 98 Gun 188 | . 54 20 32 82 Cannon 16 | . . . . 16 Launcher 2 | . . . 2 . Special . | . . . . . Kinetic 90 | . 9 10 15 56 Thermal 114 | . 45 10 17 42 Explosive 2 | . . . 2 . Electromagnetic . | . . . . . Robot Hit Streak 13 | . 6 9 8 13 Robot Miss Streak 3 | . 3 2 2 3 Penetration Max . | . . . . . Secondary Targets 4 | . 2 . 1 1 Max Gunslinging Chain 1 | . 1 . 1 1 Shots Hit Robots 134 | . 37 15 22 60 Core Hits 58 | . 12 7 9 30 Critical Kills 1 | . . 1 . . Critical Parts Destroyed . | . . . . . Critical Strikes 4 | . 2 1 1 . Burn 3 | . 2 . 1 . Destroy 1 | . . 1 . . Melee Attacks . | . . . . . Impact . | . . . . . Slashing . | . . . . . Piercing . | . . . . . Sneak Attacks . | . . . . . Combat Hostiles . | . . . . . Follow-up Attacks . | . . . . . Damage Inflicted 2171 | . 463 156 386 1166 Guns 1741 | . 463 156 233 889 Cannons 275 | . . . . 275 Explosions 153 | . . . 153 . Melee . | . . . . . Ramming 2 | . . . . 2 Kinetic 846 | . 97 64 99 586 Thermal 1170 | . 366 92 134 578 Explosive 153 | . . . 153 . Electromagnetic . | . . . . . Impact . | . . . . . Slashing . | . . . . . Piercing . | . . . . . Highest Corruption . | . . . . . Average Corruption . | . . . . . Corruption Purged . | . . . . . Corruption Blocked . | . . . . . Overload Shots . | . . . . . Overflow Damage . | . . . . . Projectiles . | . . . . . Explosions . | . . . . . Melee . | . . . . . Knockbacks . | . . . . . Impact . | . . . . . Kinetic . | . . . . . Secondary . | . . . . . Self-Inflicted Damage 1 | . . . . 1 Shots . | . . . . . Rammed 1 | . . . . 1 Targets Rammed 3 | . . . 1 2 Kicked 2 | . . . 1 1 Crushed . | . . . . . Highest Temperature 553 | . 220 80 375 553 Average Temperature 147 | . 80 40 172 231 Received Heat Transfer 1359 | . 237 90 123 909 Effects 15 | . . . . 15 Shutdowns 3 | . . . . 3 Energy Bleed 2 | . . . . 2 Interference 1 | . . . . 1 Matter Decay 2 | . . . . 2 Damage (minor) 3 | . . . . 3 Damage (major) 4 | . . . . 4 Siege Activations . | . . . . . Martial Activations . | . . . . . Shielding Activations . | . . . . . Robots Disrupted . | . . . . . Combat Hostiles . | . . . . . Robots Corrupted . | . . . . . Combat Hostiles . | . . . . . Parts Fried . | . . . . . Impact Corruptions . | . . . . . Robots Melted . | . . . . . Combat Hostiles . | . . . . . Parts Melted 6 | . 4 . . 2 Heat Transferred 2943 | . 1126 225 408 1184 Parts Sabotaged . | . . . . . Parts Stolen . | . . . . . Parts Stripped . | . . . . . Power Chain Reactions . | . . . . . Alert | -11 -10 -10 -9 -8 ------- Run | Yrd Mat Min Mat Mat Maximum Alert Level . | . . . . . Low Security (%) 100 | 100 100 100 100 100 Level 1 . | . . . . . Level 2 . | . . . . . Level 3 . | . . . . . Level 4 . | . . . . . Level 5 . | . . . . . High Security . | . . . . . Max Security . | . . . . . Peak Influence 80 | . 70 37 41 80 Initial 1 | . . 1 . . Average 12 | . 18 4 7 24 Influence Increases 643 | . 135 85 100 323 Destroy 0b10 Robot/C 520 | . 120 80 60 260 Destroy 0b10 Robot/NC 25 | . 5 5 10 5 Destroy Leader 70 | . 10 . 10 50 Successful Hack 7 | . . . 5 2 Destroy Structure 21 | . . . 15 6 Influence Decreases 592 | . 130 90 100 272 Entered New Map 4 | . . 4 . . Time Decay 416 | . 90 76 90 160 Lost Part 172 | . 40 10 10 112 Squads Dispatched 3 | . . . . 3 Investigation 1 | . . . . 1 Extermination . | . . . . . Reinforcement 2 | . . . . 2 Assault . | . . . . . Garrison . | . . . . . Intercept . | . . . . . Searches Triggered . | . . . . . Construction Impeded 1 | . . . . 1 Haulers Reinforced . | . . . . . Active Scanning Responses . | . . . . . Cargo Convoy Interrupts . | . . . . . Stealth | -11 -10 -10 -9 -8 --------- Run | Yrd Mat Min Mat Mat Distress Signals 7 | . 4 . . 3 Communications Jammed . | . . . . . Distress Signals . | . . . . . Times Spotted 54 | . 13 4 15 22 Peak Tracking Total 11 | . 7 2 11 6 Tactical Retreats . | . . . . . Traps | -11 -10 -10 -9 -8 ------- Run | Yrd Mat Min Mat Mat Traps Triggered 4 | . . . 3 1 Indirectly . | . . . . . Trap Hack Attempts . | . . . . . Triggered . | . . . . . Disarmed . | . . . . . Reprogrammed . | . . . . . Reused . | . . . . . Traps Extracted . | . . . . . Installed . | . . . . . Triggered . | . . . . . Most Traps Carried 1 | . . 1 1 1 Machines | -11 -10 -10 -9 -8 ---------- Run | Yrd Mat Min Mat Mat Machines Disabled . | . . . . . Max in Single Turn . | . . . . . Machines Repaired . | . . . . . Machines Dismantled . | . . . . . Machines Sabotaged . | . . . . . Overloaded Fab Kills . | . . . . . Hacking | -11 -10 -10 -9 -8 --------- Run | Yrd Mat Min Mat Mat Machines Accessed 9 | . 2 . 4 3 Terminals 6 | . 2 . 2 2 Fabricators . | . . . . . Repair Stations 1 | . . . 1 . Recycling Units . | . . . . . Scanalyzers 2 | . . . 1 1 Garrison Access . | . . . . . Total Hacks 15 | . 3 . 6 6 Successful 9 | . 2 . 5 2 Failed 5 | . 1 . 1 3 Catastrophic . | . . . . . Database Lockouts 1 | . . . . 1 Manual 2 | . . . . 2 Terminals 10 | . 3 . 3 4 Fabricators . | . . . . . Repair Stations 1 | . . . 1 . Recycling Units . | . . . . . Scanalyzers 4 | . . . 2 2 Garrison Access . | . . . . . Terminal Hacks 5 | . 2 . 2 1 Record 3 | . 1 . 1 1 Locate Traps 1 | . 1 . . . Investigation Status 1 | . . . 1 . Fabricator Hacks . | . . . . . Repair Station Hacks 1 | . . . 1 . Scan Component 1 | . . . 1 . Recycling Unit Hacks . | . . . . . Scanalyzer 3 | . . . 2 1 Insert Component 1 | . . . 1 . Analyze 1 | . . . 1 . Retrieve Study 1 | . . . . 1 Garrison Access Hacks . | . . . . . Unauthorized Hacks . | . . . . . Terminals . | . . . . . Fabricators . | . . . . . Repair Stations . | . . . . . Recycling Units . | . . . . . Scanalyzers . | . . . . . Garrison Access . | . . . . . Data Cores Recovered . | . . . . . Used . | . . . . . Hacking Detections 5 | . 1 . 2 2 Full Trace Events . | . . . . . Feedback Events . | . . . . . Feedback Blocked . | . . . . . Robot Schematics Acquired . | . . . . . Robots Built . | . . . . . Authchips . | . . . . . Time . | . . . . . Total Robot Build Rating . | . . . . . Part Schematics Acquired 1 | . . . 1 . Parts Built . | . . . . . Authchips . | . . . . . Time . | . . . . . Total Part Build Rating . | . . . . . Part Studies Acquired 1 | . . . . 1 Parts Repaired . | . . . . . Time . | . . . . . Parts Recycled . | . . . . . Recycled Matter . | . . . . . Retrieved Matter . | . . . . . Retrieved Components . | . . . . . Parts Scanalyzed 1 | . . . 1 . Part Schematics Acquired 1 | . . . 1 . Parts Damaged . | . . . . . Bothacking | -11 -10 -10 -9 -8 ------------ Run | Yrd Mat Min Mat Mat Used RIF Installer . | . . . . . Robots Hacked . | . . . . . Non-combat . | . . . . . Combat . | . . . . . Robot Hacks Applied . | . . . . . Relay Couplers Released . | . . . . . Fabnet Peak Effective % . | . . . . . Robots Rewired . | . . . . . Allies Hacked . | . . . . . Hacks Repelled . | . . . . . Allies | -11 -10 -10 -9 -8 -------- Run | Yrd Mat Min Mat Mat Total Allies . | . . . . . Largest Group . | . . . . . Highest-Rated Group . | . . . . . Highest-Rated Ally . | . . . . . Total Orders . | . . . . . Ally Attacks . | . . . . . Total Damage . | . . . . . Kills . | . . . . . Allies Corrupted . | . . . . . Allies Melted . | . . . . . Intel | -11 -10 -10 -9 -8 ------- Run | Yrd Mat Min Mat Mat Active Infowar (turns) 1190 | . 225 516 108 341 Sensors 624 | . . 516 108 . Terrain 341 | . . . . 341 Seismic 225 | . 225 . . . Robot Analysis Total . | . . . . . Derelict Logs Recovered 2 | . . 2 . . Drone Launches . | . . . . . Drone Recoveries . | . . . . . Exploration | -11 -10 -10 -9 -8 ------------- Run | Yrd Mat Min Mat Mat Turns Passed 1949 | 89 342 583 406 529 Spaces Moved 1283 | 83 183 533 226 258 Core 56 | 6 . . . 50 Treads . | . . . . . Legs 283 | . . . 163 120 Wheels 944 | 77 183 533 63 88 Hover . | . . . . . Flight . | . . . . . Fastest Speed 50 | 50 100 100 100 80 Average Speed 107 | 96 100 100 115 126 Slowest Speed 250 | 100 100 100 190 250 Overloaded Moves . | . . . . . Propulsion Burnouts . | . . . . . Robots Hopped . | . . . . . Potential Cave-ins . | . . . . . Cave-ins Triggered . | . . . . . Exploration Rate (%) 30 | 4 24 89 17 18 Regions Visited 4 Branch Regions 1 Pre-discovered Areas . | . . . . . Known Exits Taken 1 | . . 1 . . Unknown Exits Taken 3 | 1 1 . 1 . Scrap Searched 1 | . . 1 . . Spaces Dug . | . . . . . Terrain Destroyed 17 | . . . 13 4 Melee . | . . . . . Projectile 4 | . . . . 4 AOE 13 | . . . 13 . Terrain Rammed . | . . . . . Walls Destroyed . | . . . . . Machines Disabled . | . . . . . Actions | -11 -10 -10 -9 -8 --------- Run | Yrd Mat Min Mat Mat Total 1667 | 89 287 565 341 385 Wait 200 | . 66 11 86 37 Move 1279 | 82 182 532 225 258 Hop . | . . . . . Pick Up 20 | 2 4 3 4 7 Fast Attach 25 | 5 2 3 3 12 Attach 18 | . 2 2 5 9 Detach 5 | . 1 . 1 3 Swap 3 | . 1 1 . 1 Drop 7 | . 1 3 1 2 Fire 107 | . 28 10 15 54 Melee . | . . . . . Ram 1 | . . . . 1 Kick 2 | . . . 1 1 Crush . | . . . . . Escape Stasis . | . . . . . Rewire . | . . . . . Trap . | . . . . . Miscellaneous . | . . . . . Route ------- -11/Scrapyard -10/Materials -10/Mines -9/Materials (discovered 2 exits: *Mat / [*Min]) -8/Materials History --------- Turn | Location | Event 4 | -11/Scrapyard | Discovered new exit (range 16) 90 | -11/Scrapyard | Entered Materials 314 | -10/Materials | Build established: Mutant 316 | -10/Materials | Discovered new exit (range 16) 432 | -10/Materials | Entered Mines 434 | -10/Mines | Assembled infested the area 439 | -10/Mines | Assisted by a Guerilla fighting off Assembled 459 | -10/Mines | Identified exit to Materials 463 | -10/Mines | Found a hidden stash of uninstalled traps 495 | -10/Mines | Found a damaged Exp. Sensor Array with a note attached 498 | -10/Mines | Found Prototype Device 499 | -10/Mines | Identified Exp. Sensor Array 565 | -10/Mines | Core integrity fell below 50% 576 | -10/Mines | Core integrity fell below 20% 1015 | -10/Mines | Entered Materials 1015 | -9/Materials | Evolved 2 slots: Utility x1, Weapon x1 1169 | -9/Materials | Lost 3 parts (1n1u1w) 1266 | -9/Materials | Discovered new exit (range 12) 1375 | -9/Materials | Discovered new exit (range 14) 1421 | -9/Materials | Entered another Materials area 1421 | -8/Materials | Evolved 2 slots: Propulsion x1, Utility x1 1440 | -8/Materials | Lost 3 parts (1n1u1w) 1454 | -8/Materials | Central database locked down 1585 | -8/Materials | Core integrity fell below 50% 1630 | -8/Materials | Lost 6 parts (1p2n3w) 1859 | -8/Materials | Core integrity fell below 20% 1896 | -8/Materials | Lost 9 parts (1p3n3u2w) 1950 | -8/Materials | Destroyed by G-47 Trooper with Particle Gun Last Messages --------------- G-47 Trooper destroyed. Dropped Aluminum Leg+. Acquired Aluminum Leg+. R-06 Scavenger collects Aluminum Leg+. Acquired Aluminum Leg+. U-05 Engineer builds a Door. R-06 Scavenger collects Imp. Heat Sink. R-06 Scavenger collects Particle Gun. Acquired Aluminum Leg+. Acquired 106 matter. R-06 Scavenger collects Heat Sink. Kicked U-05 Engineer out of the way. Critical hit (Burn: +37). G-47 Trooper destroyed. Enh. Autogun destroyed. U-05 Engineer builds a Door. K-01 Serf collects debris. Imp. Heat Sink melted. G-47 Trooper destroyed. K-01 Serf collects debris. Map ----- +----------------------------------------------------+ | #??????????????????????????????????????????????? | | #???????????????????????"??????????????????????? | | #??????????????????????????????????????????????? | | #???????????????????#??????????????????????????? | | #?#??? ???????????"""?????????? ???????????????? | | #??? ???????######"T"#######+#####?????????????? | | #???????????# ??????????????? | | #???????????# ??????????????? | | #????#??????? """ ? ????????????? | | ######????????# """ #?###????????????? | | #???????## """ "Y" # "?????????????? | | ########## """ # ??????????????? | | + ?""? ??????????? | | ### #??? ?????#??????? | | #?# # ???????????????? | | ### %= #????????????????? | | #"" ! ###m#######????????????????? | | #"T """ !! "" ## % #???##???????????????? | | #"" """ !! "" ## k #???????#????????????? | | ### """ T" ## #????????????????????? | | #?# "" ## g #?#??#?#?????????????? | | ?## "" ## #????##??????????????? | | ??# ## #??????##????????????? | | ??# ## #?????#??????????????? | | ??# #"T"##### #?????#??????????????? | | ??############ #####??## @ #????????????????????? | | ????#??#????## #?#??#########????????#???????????? | | ?#?????##????# ##??????#?#???????????????????????? | | ???????????### #???#???????????#?????????????????? | | ???#?????????# #????????#???##?###???????????????? | | ?????????????# #????#??##????????????????????????? | | ?????????????# #????#?#????#???????#?????????????? | | ?????????????# #?????????????????????????????????? | | ???????#??#??# #???????#?????#?????#?????????????? | | ?????????????# #??##????#??????#?????????????????? | | ????????????? #?????????????????????????????????? | | ?????????????# #?#???????????????????????????????? | | ????????????? ?????????????????????????????????? | | ????????????? ?????"???????????????????????????? | | ????????????? ?????????????????????????????????? | | ???????????#? ?????????????????????????????????? | | ????????????? ?????????????????????????????????? | | ?????????????# ?????????????????????????????????? | | ?????????????? ?????????????????????????????????? | | ?????????????? ?????????????????????????????????? | | ?????????????????????????????????????????????????? | | ?????????????????????????????????????????????????? | | ?????????????????????????????????????????????????? | | ?????????????????????????????????????????????????? | | ?????????????????????????????????????????????????? | +----------------------------------------------------+ Best States ------------- Heat Dissipation 59 Energy Generation 12 Energy Capacity 265 Matter Stores 300 Matter Capacity 300 Sight Range 16 Robot Scan Range 20 Terrain Scan Range 14 Terrain Scan Density 10 Additional Mass Support 6 Armor Coverage 150 Evasion (%) 55 Item Schematics ----------------- Aluminum Leg | -9/Materials | Scanalyzed Robot Schematics ------------------ None Fabricated ------------ Nothing Repaired ---------- Nothing Studied --------- Aluminum Leg | -8/Materials | Hacked Alien Tech Used ----------------- None Achievements -------------- Item+ Challenges ------------ None Game ------ Seed GunStasisOptics Manual? 0 Play Time 00:39:22 Cumulative 5.7 hours Start 2026.01.17 @ 21:43:23 End 2026.01.18 @ 10:53:26 Sessions 3 Manual Loads 0 Difficulty Rogue Special Mode None Game No. 8 Rogue 6 Adventurer 0 Explorer 2 Win Type - Total 0 Types 0/0/0/0/0/0/0/0/0/0 Lore% 2 Gallery% 9 Achievement% 8 Wizard Run 0 Options --------- Layout 1 ASCII 0 Keyboard 1 Movement Vi Keybinds 0 Fullscreen 1 Font 24/Smallcaps Map View 50x35 Zoom Use 0% Tactical HUD 0 Map Filters NONE Filters NONE Steam 1 RUN: 3c08800f-c7b9-46bd-9ebd-55e1a24c0c40